 Dungeon Crawl Stone Soup version 0.31-a0-844-gdc52ec4e09 (webtiles) character file.

Game seed: 12003023517660305047

19 LeprechaunX the Changeling (level 2, -1/27 HPs)
             Began as an Octopode Shapeshifter on Sept 28, 2023.
             Slain by Terence
             ... wielding a +3 flail
              (9 damage)
             ... on level 2 of the Dungeon.
             The game lasted 00:00:35 (954 turns).

LeprechaunX the Changeling (Octopode Shapeshifter)   Turns: 954, Time: 00:00:36

Health: -1/27      AC: 21    Str: 13    XL:     2   Next: 75%
Magic:  2/2        EV:  2    Int: 12    God:
Gold:   84         SH:  0    Dex: 11    Spells: 1/1 levels left

rFire   . .          .
                       - Unarmed
rCold   . . .        (no shield)
rNeg    . . .        (helmet currently unavailable)
rPois   +            (no amulet)
rElec   .            (no ring)
rCorr   .            (no ring)
SInv    .            (no ring)
Will    .....        (no ring)
Stlth   +            (no ring)
HPRegen 0.24/turn    (no ring)
MPRegen 0.08/turn    (no ring)
                     (no ring)

%: no passive effects
@: tree-form
A: stationary, stasis, torment immunity, boosted hp, almost no armour,
(amphibious), 8 rings, (camouflage 1), (gelatinous body 1), (nimble swimmer 1),
(tentacles)
a: no special abilities


You were on level 2 of the Dungeon.
You were a tree.
You visited 1 branch of the dungeon, and saw 2 of its levels.

You collected 84 gold pieces.

Inventory:

Talismans
 b - a beast talisman
 c - a flux talisman
 k - a talisman of death
Scrolls
 d - 2 scrolls of identify {unknown}
Potions
 e - a potion of enlightenment {unknown}
 f - a potion of might {unknown}
 g - a potion of haste {unknown}
 h - a potion of berserk rage {unknown}
 i - 2 potions of curing {unknown}
 j - a potion of mutation {unknown}


   Skills:
 + Level 1.4 Fighting
 + Level 2.2 Dodging
 + Level 3.2 Unarmed Combat
 * Level 3.3 Shapeshifting


You had one spell level left.
You didn't know any spells.
Your spell library was empty.

Dungeon Overview and Level Annotations

Branches:
Dungeon (2/15)

Altars:

Annotations:
D:2 Terence


Innate Abilities, Weirdness & Mutations

You are a tree.
Your roots penetrate the ground, keeping you stationary.
You cannot be teleported.
You are immune to unholy pain and torment.
Your maximum health is greatly increased.
You cannot wear most types of armour.
((You are amphibious.))
You can wear up to eight rings at the same time.
((Your skin changes colour to match your surroundings (Stealth+).))
((Your rubbery body absorbs attacks. (AC +1, EV +1)))
((You are camouflaged when in or above water. (Stealth+)))
((You have tentacles for arms and can constrict up to eight enemies at once.))


Message History

Terence is nearby!
You tentacle-slap Terence but do no damage.
You grab Terence. You squeeze Terence, but do no damage. You constrict Terence.
Terence misses you.
You tentacle-slap Terence but do no damage.
You squeeze Terence, but do no damage.
Terence is lightly wounded.
You constrict Terence, but do no damage.
Terence hits you with a +3 flail!
You tentacle-slap Terence but do no damage.
Terence is lightly wounded.
You constrict Terence. Terence hits you with a +3 flail.
* * * LOW HITPOINT WARNING * * *
You are too injured to fight recklessly!
You are too injured to fight recklessly!
You are too injured to fight recklessly!
You are too injured to fight recklessly!
You are too injured to fight recklessly!
You are too injured to fight recklessly!
You are too injured to fight recklessly!
You are too injured to fight recklessly!
You are too injured to fight recklessly!
You are too injured to fight recklessly!
You are too injured to fight recklessly!
You are too injured to fight recklessly!
You are too injured to fight recklessly!
You are too injured to fight recklessly!
You are too injured to fight recklessly!
You are too injured to fight recklessly!
You are too injured to fight recklessly!
Your transformation has ended.
You turn into a tree.
Your roots penetrate the ground.
You lose your grip on Terence.
Terence hits you but does no damage.
You smack Terence!
Terence is heavily wounded.
Terence hits you but does no damage.
You hit Terence.
Terence is heavily wounded.
Terence hits you with a +3 flail!
You die...

#.## #... #..#
#..### #..#[#.#
#..... ####..##
#...♣..#
##########'###@##
............# ...
########....#
##... #######
#....# .....
....... #....#
.... #######
#....# ... .......
#....#
...#########
######....######+#
.........


You could see Terence.

Vanquished Creatures
  An adder (D:2)
  A ball python (D:2)
  3 endoplasms (D:1)
  2 goblins (D:1)
  2 kobolds
  A rat (D:2)
10 creatures vanquished.

Notes
Turn   | Place    | Note
-------+----------+-------------------------------------------
     0 | D:1      | LeprechaunX the Octopode Shapeshifter began the quest for
                  | the Orb.
     0 | D:1      | Reached XP level 1. HP: 13/13 MP: 1/1
   715 | D:1      | Reached XP level 2. HP: 7/18 MP: 2/2
   947 | D:2      | Noticed Terence
   954 | D:2      | Slain by Terence

Illustrated notes

Levels and vault maps discovered:
D:1:      minmay_arrival_up_and_down, layout_basic, kennysheep_another_room
D:2:      layout_basic, minmay_heptomino_h4, uniq_terence

Action                     || total
---------------------------++-------
  Melee: Unarmed           ||    25
         Constrict         ||     4
         Tentacles         ||     4
    Use: Potion            ||     1
   Stab: Sleeping          ||     2
 Armour: Skin              ||    11
  Dodge: Dodged            ||     7

Table legend: (Time is in decaauts)
 A = Elapsed time spent in this place.
 B = Non-inter-level travel time spent in this place.
 C = Inter-level travel time spent in this place.
 D = Time resting spent in this place.
 E = Time spent auto-exploring this place.
 F = Levels seen in this place.
 G = Mean time per level.
                   A        B        C        D        E       F      G
               +--------+--------+--------+--------+--------+-----+--------+
         Total |    952 |    912 |     40 |      0 |    823 |   2 |  476.0 |
       Dungeon |    952 |    912 |     40 |      0 |    823 |   2 |  476.0 |
               +--------+--------+--------+--------+--------+-----+--------+

Top non-repeatable levels by time:
     D:1: 859 daAuts
     D:2: 93 daAuts
